Map: King's Cove LE

Players

Houdini - Winner!

  • Race: Zerg Zerg
  • League: Silver
  • Spawn Location: 11:00

GangusKaun

  • Race: Protoss Protoss
  • League: Gold
  • Spawn Location: 5:00

VOD

Have the link to the VOD?

Description

Time

  • Played on: Dec. 8, 2024, 11:44 p.m.
  • Length: 16:48
Show
View Real Time Build Order
Export as new Build Order

Houdini Zerg - Winner!

Build Orders: Pool First, Roach Hydra 

Get SALT Encoding   

  12  0:01  Drone  
  13  0:08  Drone  
  14  0:26  Spawning Pool  
  13  0:31  Drone  
  14  0:38  Overlord  
  15  0:57  Drone x3  
  15  1:00  Extractor  
  16  1:14  Queen  
  16  1:16  Zergling x2  
  19  1:22  Zergling x2  
  20  1:36  Roach Warren  
  19  1:44  Drone x2  
  21  2:08  Hatchery  
  20  2:11  Drone x2  
  22  2:23  Overlord  
  22  2:30  Drone, Extractor  
  22  2:38  Lair  
  22  2:42  Drone x3  
  25  2:54  Drone  
  26  3:04  Drone  
  27  3:07  Drone x2  
  29  3:22  Evolution Chamber  
  28  3:30  Drone x3  
  28  3:32  Queen  
  33  3:37  Glial Reconstitution  
  33  3:41  Overlord  
  33  3:44  Overlord  
  33  3:50  Zerg Missile Weapons Level 1  
  33  3:53  Drone  
  34  4:02  Roach x2  
  38  4:03  Roach  
  38  4:07  Roach  
  42  4:29  Drone x6  
  48  4:47  Roach x2  
  48  4:51  Overlord x3  
  52  5:09  Ravager  
  52  5:10  Ravager x2  
  55  5:15  Zergling x8  
  55  5:18  Roach x2  
  63  5:29  Roach  
  63  5:30  Roach x3  
  71  5:41  Metabolic Boost  
  71  5:44  Zerg Ground Armor Level 1  
  71  5:46  Extractor  
  71  5:47  Drone x4  
  74  6:02  Hydralisk Den  
  73  6:05  Zergling x6  
  73  6:08  Overlord x2  
  76  6:21  Burrow  
  76  6:23  Extractor  
  74  6:35  Hydralisk x2  
  74  6:36  Hydralisk  
  80  6:43  Hydralisk  
  80  6:51  Drone x5  
  80  6:52  Drone  
  71  7:19  Hydralisk x4  
  71  7:20  Hydralisk x3  
  78  7:40  Hydralisk x3  
  78  7:41  Hydralisk x2  
  78  7:43  Overlord  
  88  7:53  Hydralisk  
  88  7:58  Grooved Spines  
  90  8:03  Hatchery  
  89  8:05  Zerg Missile Weapons Level 2  
  89  8:31  Overlord x2  
  89  8:32  Overlord x2  
  89  8:44  Hydralisk x5  
  99  8:48  Muscular Augments  
  98  9:45  Hydralisk  
  98  9:46  Hydralisk x7  
  98  9:47  Hydralisk x3  
  120  10:14  Hydralisk x4  
  128  10:23  Zerg Ground Armor Level 2  
  128  10:35  Extractor  
  127  10:36  Extractor  
  90  11:40  Zergling x2  
  90  11:41  Zergling x14  
  90  11:42  Zergling x12  
  64  11:58  Overseer  
  56  12:15  Pneumatized Carapace  
  56  12:18  Hydralisk x5  
  56  12:19  Hydralisk  
  68  12:30  Infestation Pit  
  68  12:31  Hydralisk x4  
  75  12:39  Overseer, Zerg Melee Weapons Level 1  
  75  12:43  Drone x2  
  75  12:44  Drone  
  78  12:46  Drone x3  
  78  12:49  Queen  
  69  13:22  Hydralisk x3  
  69  13:23  Hydralisk x7  
  69  13:24  Hydralisk  
  91  13:35  Drone x3  
  94  13:44  Hive  
  94  13:47  Hydralisk x3  
  88  14:48  Hydralisk x6  
  88  14:49  Hydralisk x6  
  112  14:53  Overlord  
  112  14:54  Overlord x2  
  112  15:02  Drone x2  
  114  15:10  Adrenal Glands  
  114  15:14  Zergling x8  
  114  15:15  Zergling x2  
  114  15:18  Zergling x2  
  114  15:19  Zergling x12  
  126  15:47  Hatchery  
  123  15:56  Hatchery  
  121  16:02  Hydralisk x5  
  121  16:03  Hydralisk x4  
  139  16:12  Unknown  
  139  16:17  Hydralisk x2  
Show
View Real Time Build Order
Export as new Build Order

GangusKaun Protoss 

Build Orders: 1 Gate Expand, Oracle Opening 

Get SALT Encoding   

  12  0:01  Probe  
  13  0:20  Pylon  
  13  0:23  Probe  
  14  0:39  Probe  
  15  0:44  Gateway  
  15  0:51  Probe  
  16  0:59  Probe  
  16  1:01  Assimilator  
  17  1:08  Probe  
  18  1:24  Probe  
  19  1:36  Probe  
  20  1:42  Nexus  
  19  1:51  Cybernetics Core  
  19  1:59  Probe  
  20  2:05  Pylon  
  20  2:06  Assimilator  
  20  2:11  Probe  
  20  2:13  Warp Gate  
  21  2:21  Adept  
  21  2:23  Probe  
  22  2:35  Probe  
  25  2:46  Pylon  
  25  2:47  Probe  
  26  2:52  Stargate  
  26  2:54  Shield Battery  
  26  2:59  Probe  
  26  3:03  Probe  
  28  3:09  Adept  
  28  3:11  Probe  
  31  3:14  Probe  
  32  3:22  Probe  
  32  3:23  Probe  
  34  3:30  Probe  
  34  3:34  Oracle  
  34  3:35  Probe  
  34  3:40  Adept  
  41  3:48  Probe  
  41  3:49  Probe  
  41  3:52  Assimilator  
  43  4:00  Probe  
  43  4:02  Shield Battery  
  44  4:05  Oracle  
  44  4:15  Forge  
  44  4:16  Assimilator  
  47  4:19  Twilight Council  
  47  4:33  Zealot  
  49  4:51  Gateway  
  49  4:59  Gateway  
  49  5:02  Gateway  
  49  5:06  Shield Battery, Pylon  
  49  5:12  Phoenix  
  51  5:21  Probe x2  
  51  5:22  Protoss Ground Weapons Level 1  
  51  5:25  Charge  
  53  5:29  Zealot  
  55  5:37  Phoenix  
  57  6:00  Nexus  
  57  6:02  Pylon, Phoenix  
  59  6:05  Pylon  
  59  6:06  Probe x2  
  61  6:18  Probe  
  62  6:20  Probe  
  63  6:30  Probe  
  65  6:32  Probe  
  65  6:41  Zealot x4  
  65  6:42  Probe  
  65  6:45  Probe  
  75  6:54  Probe  
  75  6:57  Probe  
  67  7:06  Probe  
  59  7:27  Zealot x4  
  67  7:34  Protoss Shields Level 1  
  67  7:42  Gateway  
  67  7:43  Gateway  
  67  7:45  Robotics Facility  
  67  7:47  Probe x3  
  74  7:58  Void Ray  
  74  7:59  Probe x3  
  74  8:05  Pylon  
  77  8:10  Pylon  
  77  8:23  Probe  
  78  8:36  Templar Archives  
  78  8:41  Probe x2  
  78  8:42  Probe  
  81  8:54  Probe  
  82  8:57  Gateway  
  82  9:01  Gateway  
  80  9:03  Gateway  
  80  9:06  Probe  
  58  9:29  Zealot x2  
  58  9:30  Zealot x2  
  51  9:42  Oracle  
  50  9:49  Dark Shrine  
  50  9:54  Pylon  
  50  9:59  Pylon  
  50  10:02  Pylon  
  50  10:05  Pylon  
  50  10:10  Zealot  
  50  10:11  Zealot x2  
  51  10:17  Void Ray  
  48  10:22  Gateway  
  48  10:23  Gateway  
  48  10:24  Gateway  
  48  10:28  Gateway  
  40  10:31  Photon Cannon  
  40  10:33  Photon Cannon  
  40  10:34  Photon Cannon  
  40  10:37  Photon Cannon  
  40  10:39  Photon Cannon  
  40  10:40  Pylon  
  40  10:42  Pylon  
  40  10:51  Gateway  
  40  10:53  Gateway  
  24  11:18  Dark Templar  
  24  11:24  Dark Templar x3  
  30  11:40  Void Ray  
  23  11:55  High Templar x3  
  23  11:57  High Templar  
  23  11:59  Archon  
  31  12:01  Archon  
  31  12:25  Nexus  
  31  12:42  Probe  
  32  12:54  Probe  
  32  12:57  Pylon  
  17  13:24  High Templar x3  
  17  13:25  High Templar  
  25  13:46  Archon x2, Probe  
  25  13:47  Probe  
  24  13:54  Probe  
  24  13:55  Probe  
  23  14:07  Dark Templar  
  12  14:32  Dark Templar  
  14  14:53  Probe  
  15  15:09  Probe  
  16  15:18  High Templar  
  18  15:21  Probe  
  19  15:33  Probe  
  20  15:36  High Templar  
  20  15:42  Archon  
  20  15:50  Probe  
  19  16:02  Probe  
  20  16:20  Cybernetics Core  
Tags
 
Add a new tag
Caveats
  • Supply blocks, unpowered buildings, or Contaminate may cause inaccurate times.
  • Supply counts are checked every 10 seconds.